 Dungeon Crawl Stone Soup version 0.22-a0-617-g6d95e9e (webtiles) character file.

30 Gorglomux the Skirmisher (level 3, 0/30 HPs)
             Began as a Merfolk Chaos Knight on July 12, 2018.
             Slain by an adder (4 damage)
             ... on level 2 of the Dungeon.
             The game lasted 00:01:05 (1154 turns).

Gorglomux the Skirmisher (Merfolk Chaos Knight)     Turns: 1154, Time: 00:01:06

Health: 0/30       AC:  5    Str: 13    XL:     3   Next: 20%
Magic:  3/3        EV: 12    Int: 11    God:    Xom [.....*]
Gold:   162        SH:  5    Dex: 13    Spells: 2/2 levels left

rFire    + . .     SeeInvis .   a - +0 hand axe (chaos)
rCold    . . .     Gourm    .   j - +2 buckler
rNeg     . . .     Faith    .   b - +2 leather armour
rPois    .         Spirit   .   (no helmet)
rElec    .         Reflect  .   (no cloak)
rCorr    .         Harm     .   (no gloves)
MR       .....                  (no boots)
Stlth    +.........             (no amulet)
HPRegen  0.10/turn              f - ring of protection from fire
MPRegen  0.08/turn              (no ring)

@: lethally poisoned (0 -> -9)
A: change form in water, swift swim, stealthy swim
a: Renounce Religion


You were on level 2 of the Dungeon.
You worshipped Xom.
You were Xom's teddy bear.
You were not hungry.

You visited 1 branch of the dungeon, and saw 2 of its levels.

You collected 162 gold pieces.

Inventory:

Hand Weapons
 a - a +0 hand axe of chaos (weapon)
Armour
 b - a +2 leather armour (worn)
 j - a +2 buckler (worn)
Jewellery
 f - a ring of protection from fire (left hand)
 l - a cursed ring of teleportation {unknown}
Scrolls
 g - 2 scrolls of identify {unknown}
Potions
 d - 4 potions of curing {unknown}
 e - 2 potions of mutation {unknown}
 i - 2 potions of lignification {unknown}
Comestibles
 c - 4 rations
 k - 6 chunks of flesh


   Skills:
 + Level 4.0 Fighting
 - Level 2.4 Axes
 - Level 0.6 Armour
 + Level 3.7 Dodging
 + Level 0.5 Shields


You had 2 spell levels left.
You didn't know any spells.
Your spell library was empty.

Dungeon Overview and Level Annotations

Branches:
Dungeon (2/15)

Altars:


Message History

Something bites you! Something barely misses you!
You completely miss something!
Something bites butt!
You are poisoned!
Something poisons you!!! Something bites you but does no damage!
You closely miss something!
You feel sick! Something bites you! x2
You miss something!
You feel sick! Something bites you!
You miss something! Something bites you! * * * don't die
* * * Something bites you but does no damage!
You are too butt to fight recklessly!!!
You closely miss something!
You feel sick! Something bites you! * * * don't die
* * * You are lethally poisoned!!!
Something poisons you!!!
Unknown command!
You barely miss something! * * * don't die
* * * You feel sick!
Something bites you but does no damage!
Something bites you! rip "It was about time!"

.###.#######
.'..........
.###.#######
### .#
#.....# #..
## #####.#
#.# #.# #.#
#.# #b# #.#
#{# #.# #@#
#.# #.# #.#
#.# #.# #.#
#.# #.# ###.#
#.# #...# #.#
#.#########.#
#...........#


You could see a bat.

Vanquished Creatures
  A dart slug (D:1)
  4 giant cockroaches
  3 goblins (D:2)
  5 hobgoblins (D:1)
  3 bats
  5 kobolds (D:1)
  6 rats
27 creatures vanquished.

Notes
Turn   | Place    | Note
-------+----------+-------------------------------------------
     0 | D:1      | Gorglomux the Merfolk Chaos Knight began the quest for the Orb.
     0 | D:1      | Reached XP level 1. HP: 18/18 MP: 1/1
   167 | D:1      | Reached skill level 3 in Dodging
   197 | D:1      | Reached XP level 2. HP: 24/24 MP: 2/2
   380 | D:1      | XOM: harmless Fire miscast
   936 | D:2      | Reached XP level 3. HP: 30/30 MP: 3/3
   994 | D:2      | Reached skill level 4 in Fighting
  1154 | D:2      | Slain by an adder

Vault maps used:
D:1:      ebering_trefoil_twist, minmay_heptomino_o4

Skill      XL: |  1  2  3 |
---------------+----------+-----
Dodging        | 3 |  3.7
Fighting       | 4 |  4.0
Axes           | |  2.4
Armour         | |  0.6
Shields        | |  0.5

Action                   || total
-------------------------++-------
Melee: Hand axe          ||    76
  Eat: Chunk             ||     1
Armor: Leather armour    ||    22
Dodge: Dodged            ||    49
Block: Buckler           ||    11

Table legend:
 A = Spawn XP
 B = Non-spawn XP
 C = Spawn XP percentage of total XP
 D = Spawn monster count
 E = Non-spawn monster count
 F = Spawn count percentage of total count
 G = Total turns spent on level
                    A         B        C        D         E        F      G
               +---------+---------+-------+---------+---------+-------+---------
         Total |       0 |      44 |   0.0 |       0 |      27 |   0.0 |  1154
               +---------+---------+-------+---------+---------+-------+---------
           D:1 |       0 |      33 |   0.0 |       0 |      20 |   0.0 |   909
           D:2 |       0 |      11 |   0.0 |       0 |       7 |   0.0 |   245
               +---------+---------+-------+---------+---------+-------+---------
